 Dungeon Crawl Stone Soup version 0.31-a0-672-g7da72447bb (webtiles) character file.

Game seed: 8045852462507203977

13075 HoaS the Skirmisher (level 12, -10/76 HPs)
             Began as a Tengu Hunter on Sept 2, 2023.
             Was a Priest of Elyvilon.
             Mangled by an eight-headed hydra (12 damage)
             ... on level 1 of the Lair of Beasts on Sept 5, 2023.
             The game lasted 00:32:35 (11349 turns).

HoaS the Skirmisher (Tengu Hunter)                 Turns: 11349, Time: 00:32:35

Health: -10/76     AC:  6    Str: 11    XL:     12   Next: 2%
Magic:  17/17      EV: 24    Int: 10    God:    Elyvilon [***...]
Gold:   1650       SH:  0    Dex: 23    Spells: 11/11 levels left

rFire   + . .        l - +0 orcbow
rCold   . . .        (shield currently unavailable)
rNeg    . . .        c - +0 leather armour
rPois   .            (helmet restricted)
rElec   .            q - +1 cloak
rCorr   .            e - +0 pair of gloves
SInv    .            (boots unavailable)
Will    .....        (no amulet)
Stlth   ++           s - ring of protection from fire
HPRegen 0.32/turn    p - +4 ring of slaying
MPRegen 0.15/turn

%: acrobat
@: flying
A: beak, talons 3, evasive flight, acrobatic
a: Renounce Religion, Purification, Heal Other, Heal Self


You were on level 1 of the Lair of Beasts.
You worshipped Elyvilon.
Elyvilon was most pleased with you.
You visited 3 branches of the dungeon, and saw 11 of its levels.

You collected 1650 gold pieces.

Inventory:

Hand Weapons
 l - a +0 orcbow (weapon)
Missiles
 d - a throwing net
Armour
 c - a +0 leather armour (worn)
 e - a +0 pair of gloves (worn)
 q - a +1 cloak (worn)
Jewellery
 n - a ring of see invisible
 p - a +4 ring of slaying (right hand)
 s - a ring of protection from fire (left hand)
Wands
 a - a wand of flame (46)
 j - a wand of quicksilver (11)
 v - a wand of mindburst (5)
 w - a wand of roots (8)
Scrolls
 b - a scroll of butterflies
 g - a scroll of fog
 k - 3 scrolls of teleportation
 t - a scroll of revelation
Potions
 f - 2 potions of resistance
 h - a potion of enlightenment {unknown}
 i - a potion of heal wounds
 m - a potion of lignification {unknown}
 o - 2 potions of curing {unknown}
 r - 2 potions of ambrosia {unknown}
 u - a potion of haste {unknown}
 x - a potion of brilliance {unknown}


   Skills:
 * Level 9.5 Fighting
 - Level 14.0 Ranged Weapons
 * Level 10.4 Dodging
 - Level 1.0 Stealth
 + Level 5.8 Invocations


You had 11 spell levels left.
You didn't know any spells.
Your spell library contained the following spells:

 Spells                   Type           Power      Damage    Failure   Level
 Magic Dart               Conj           0%         1d3       45%         1
 Slow                     Hex            0%         N/A       45%         1
 Summon Small Mammal      Summ           0%         N/A       45%         1
 Blink                    Tloc           0%         N/A       58%         2
 Cigotuvi's Dreadful Rot  Necr/Pois/Air  0%         N/A       58%         2
 Ensorcelled Hibernation  Hex/Ice        0%         N/A       58%         2
 Passwall                 Tmut/Erth      0%         N/A       58%         2
 Searing Ray              Conj           0%         2d4       58%         2
 Static Discharge         Conj/Air       0%         2-2/arc   58%         2
 Call Canine Familiar     Summ           0%         N/A       83%         3
 Confusing Touch          Hex            0%         N/A       83%         3
 Ignite Poison            Fire/Tmut/Pois 0%         N/A       83%         3
 Ozocubu's Armour         Ice            0%         N/A       83%         3
 Portal Projectile        Hex/Tloc       0%         N/A       83%         3
 Summon Guardian Golem    Hex/Summ       0%         N/A       83%         3
 Swiftness                Air            0%         N/A       83%         3
 Tukima's Dance           Hex            0%         N/A       83%         3
 Vampiric Draining        Necr           0%         2d6       83%         3
 Airstrike                Air            0%         2d(0-16)  99%         4
 Fulminant Prism          Conj/Hex       0%         3d5       99%         4
 Iskenderun's Mystic Bla  Conj/Tloc      0%         2d3       99%         4
 Manifold Assault         Tloc           0%         N/A       99%         4
 Summon Lightning Spire   Summ/Air       0%         N/A       99%         4
 Vhi's Electric Charge    Tloc/Air       0%         N/A       99%         4
 Arcjolt                  Conj/Air       0%         1d10      100%        5
 Freezing Cloud           Conj/Ice/Air   0%         6-21      100%        5
 Dispersal                Tloc           0%         N/A       100%        6
 Plasma Beam              Fire/Air       0%         2x1d10    100%        6
 Ozocubu's Refrigeration  Ice            0%         4d7       100%        7
 Disjunction              Tloc           0%         N/A       100%        8


Dungeon Overview and Level Annotations

Branches:
Dungeon (9/15)             Temple (1/1) D:7            Lair (1/5) D:8
    Orc: D:9-12

Altars:
Ashenzari
Cheibriados
Dithmenos
Elyvilon
Fedhas
Gozag
Hepliaklqana
Kikubaaqudgha
Makhleb
Nemelex Xobeh
Okawaru
Qazlal
Ru
Sif Muna
Trog
Uskayaw
Vehumet
Wu Jian
Xom
Yredelemnul
Zin
The Shining One

Annotations:
D:8 2 transporters, Tombo's ghost, novice MiFi


Innate Abilities, Weirdness & Mutations

You have a beak for a mouth.
You have claws for feet.
Your magical flight helps you evade attacks. (EV +4)
You can magically evade attacks while moving or waiting.


Message History

You shoot an arrow.
The arrow barely misses the eight-headed hydra.
A bullfrog comes into view.
You shoot an arrow.
The arrow barely misses the eight-headed hydra.
You shoot an arrow. The arrow hits the eight-headed hydra!
The eight-headed hydra is severely wounded.
The eight-headed hydra bites you! x2
The eight-headed hydra barely misses you.
The eight-headed hydra bites you!
The eight-headed hydra closely misses you. x2
The eight-headed hydra misses you. The eight-headed hydra bites you.
You shoot an arrow.
The arrow completely misses the eight-headed hydra.
The arrow barely misses the bullfrog.
The eight-headed hydra barely misses you.
The eight-headed hydra bites you!
The eight-headed hydra bites you but does no damage.
The eight-headed hydra misses you.
The eight-headed hydra bites you but does no damage.
The eight-headed hydra misses you.
The eight-headed hydra completely misses you.
The eight-headed hydra bites you!
* * * LOW HITPOINT WARNING * * *
You are too injured to fight recklessly!
You shoot an arrow. The arrow hits the eight-headed hydra!
The eight-headed hydra is almost dead.
The eight-headed hydra bites you but does no damage.
The eight-headed hydra bites you!
* * * LOW HITPOINT WARNING * * *
The eight-headed hydra closely misses you.
The eight-headed hydra completely misses you.
The eight-headed hydra bites you! Elyvilon protects you from harm!
The eight-headed hydra bites you!
* * * LOW HITPOINT WARNING * * *
The eight-headed hydra bites you.
* * * LOW HITPOINT WARNING * * *
The eight-headed hydra bites you!
You die...

#.8. ....$.. #...
....... ..... .......
......# .......
#.#.... ..F....
#......####.......
..#.#...#.8D#.....
.......#†.@.........
...8...+..8.8#.......
.......†.............
.#..#..#.8..#......
#.....##.#.#.....(#
###+†.............###
.....##...>....≈...#
#............≈#..÷÷##
.....#.......≈#≈..#..#


You could see an eight-headed hydra and a bullfrog.

Vanquished Creatures
  Amaemon (D:8)
  A deep elf pyromancer (D:7)
  3 black mambas (Lair:1)
  An orange demon (D:8)
  2 cane toads
  2 unseen horrors
  3 rime drakes (Lair:1)
  2 wyverns
  12 yaks
  A basilisk (Lair:1)
  Edmund (D:6)
  2 acid dragons (D:9)
  6 water moccasins
  4 orc warriors
  An ice beast (D:7)
  5 black bears
  2 ogres
  6 centaurs
  14 wolves (Lair:1)
  3 phantoms
  A kobold brigand (D:7)
  7 bullfrogs
  2 gnoll sergeants (D:6)
  4 scorpions
  A water moccasin zombie (D:5)
  5 wights (D:7)
  5 killer bees
  6 electric eels (D:6)
  2 howler monkeys (D:9)
  2 jellies
  3 bullfrog zombies (D:5)
  8 hounds
  2 gnoll boudas
  3 orc priests
  Jessica (D:3)
  2 iguanas
  3 sleepcaps
  Natasha (thrice) (D:4)
  5 orc wizards
  A statue (D:4)
  A hound zombie (D:5)
  5 adders
  11 gnolls
  3 shadow imps (D:7)
  A white imp (D:8)
  A worm (D:1)
  2 dart slugs (D:1)
  32 orcs
  7 endoplasms
  3 giant cockroaches
  4 goblins
  7 hobgoblins
  2 jackals (D:1)
  7 quokkas
  9 ball pythons
  A bat (D:1)
  6 frilled lizards
  3 kobolds
  7 rats
  A butterfly (D:9)
251 creatures vanquished.

Vanquished Creatures (others)
  A manticore (D:8)
  A slime creature (D:8)
2 creatures vanquished.

Grand Total: 253 creatures vanquished

Notes
Turn   | Place    | Note
-------+----------+-------------------------------------------
     0 | D:1      | HoaS the Tengu Hunter began the quest for the Orb.
     0 | D:1      | Reached XP level 1. HP: 12/12 MP: 2/2
   155 | D:1      | Reached XP level 2. HP: 17/17 MP: 3/3
   199 | D:1      | Reached skill level 5 in Ranged Weapons
   297 | D:1      | Reached XP level 3. HP: 21/21 MP: 4/4
  1294 | D:2      | Found a faded altar of an unknown god.
  1366 | D:2      | Reached skill level 6 in Ranged Weapons
  1589 | D:2      | Reached XP level 4. HP: 26/26 MP: 5/5
  1855 | D:3      | Noticed Jessica
  1862 | D:3      | Killed Jessica
  2367 | D:3      | Identified a scroll of acquirement
  2367 | D:3      | Acquired 1059 gold pieces
  2752 | D:4      | Reached XP level 5. HP: 10/30 MP: 6/6
  2878 | D:4      | Reached skill level 7 in Ranged Weapons
  2890 | D:4      | Reached XP level 6. HP: 35/35 MP: 7/7
  2894 | D:4      | Noticed Natasha
  2904 | D:4      | Killed Natasha
  2955 | D:4      | Noticed Natasha
  2962 | D:4      | Killed Natasha
  2963 | D:4      | Reached skill level 8 in Ranged Weapons
  2969 | D:4      | Noticed Natasha
  2974 | D:4      | Killed Natasha
  3068 | D:4      | Identified the +3 chain mail of Pan-Flutes {rF- rC+++ rCorr
                  | Int-4}
  3077 | D:4      | Found a radiant altar of Vehumet.
  3633 | D:4      | Found a snail-covered altar of Cheibriados.
  3760 | D:5      | Entered Level 5 of the Dungeon
  3766 | D:5      | Found an ornate altar of the Wu Jian Council.
  3784 | D:5      | Noticed a water moccasin
  3790 | D:5      | Killed a water moccasin
  3791 | D:5      | Reached skill level 9 in Ranged Weapons
  3791 | D:5      | Gained mutation: Your magical flight helps you evade
                  | attacks. (EV +4) [Tengu growth]
  3791 | D:5      | Reached XP level 7. HP: 40/40 MP: 8/8
  3813 | D:5      | Found a broken altar of Ashenzari.
  3870 | D:5      | Found a basalt altar of Yredelemnul.
  4085 | D:5      | Reached skill level 10 in Ranged Weapons
  4528 | D:5      | Found a hide-covered altar of Uskayaw.
  4857 | D:5      | Reached XP level 8. HP: 44/44 MP: 9/9
  4935 | D:6      | Reached skill level 11 in Ranged Weapons
  5312 | D:6      | Noticed Edmund
  5320 | D:6      | Killed Edmund
  5321 | D:6      | Reached skill level 12 in Ranged Weapons
  5719 | D:6      | Reached XP level 9. HP: 37/48 MP: 10/10
  5900 | D:6      | Reached skill level 13 in Ranged Weapons
  5912 | D:6      | Noticed an unseen horror
  5913 | D:6      | Upgraded the game from 0.31-a0-664-g902f515a81 to
                  | 0.31-a0-667-g39726597b9
  5927 | D:6      | Killed an unseen horror
  6845 | D:7      | Found a white marble altar of Elyvilon.
  6853 | D:7      | Became a worshipper of Elyvilon the Healer
  6940 | D:7      | Found a glowing golden altar of the Shining One.
  7006 | D:7      | Reached skill level 14 in Ranged Weapons
  7030 | D:7      | Reached skill level 1 in Invocations
  7049 | D:7      | Upgraded the game from 0.31-a0-667-g39726597b9 to
                  | 0.31-a0-672-g7da72447bb
  7298 | D:7      | Found a staircase to the Ecumenical Temple.
  7311 | Temple   | Entered the Ecumenical Temple
  7356 | D:7      | Noticed a deep elf pyromancer
  7516 | D:7      | Reached XP level 10. HP: 57/57 MP: 12/12
  7528 | D:7      | Reached skill level 5 in Dodging
  7557 | D:7      | Killed an unseen horror
  7670 | D:7      | Killed a deep elf pyromancer
  7671 | D:7      | Reached skill level 5 in Fighting
  7957 | D:8      | Noticed a red ugly thing
  7957 | D:8      | Noticed a manticore
  7958 | D:8      | Noticed a six-headed hydra
  7958 | D:8      | Noticed a gargoyle
  7960 | D:8      | Noticed a deep elf pyromancer
  7974 | D:8      | Reached * piety under Elyvilon
  7983 | D:8      | Found a transporter.
  7984 | D:8      | Noticed Tombo's ghost (novice MiFi)
  8247 | D:8      | Noticed an orange demon
  8247 | D:8      | Noticed Amaemon
  8427 | D:8      | Killed Amaemon
  8431 | D:8      | Killed an orange demon
  8496 | D:8      | Found a transporter.
  8663 | D:8      | Found a staircase to the Lair.
  9104 | D:8      | Found a stormy altar of Qazlal.
  9108 | D:8      | Killed a manticore
  9203 | D:8      | Noticed a skeletal warrior
  9368 | D:8      | Reached XP level 11. HP: 67/67 MP: 15/15
  9599 | D:9      | Reached ** piety under Elyvilon
  9716 | D:9      | Found a shimmering altar of Xom.
 10251 | Lair:1   | Entered Level 1 of the Lair of Beasts
 10527 | Lair:1   | Reached skill level 5 in Invocations
 10712 | Lair:1   | Reached *** piety under Elyvilon
 10937 | Lair:1   | Reached skill level 10 in Dodging
 11209 | Lair:1   | Reached XP level 12. HP: 25/76 MP: 17/17
 11341 | Lair:1   | Noticed an eight-headed hydra
 11349 | Lair:1   | Elyvilon protects you from harm!
 11349 | Lair:1   | HP: 3/76 [eight-headed hydra (7)]
 11349 | Lair:1   | Mangled by an eight-headed hydra

Illustrated notes

Levels and vault maps discovered:
D:1:      grunt_arrival_crossed_arrows, layout_basic, dk_noncrumbling_4
D:2:      layout_rooms, hellmonk_ecumenical_altar_defaced_shrine,
          chequers_serial_rivers_room_a, grunt_decor_mini_mirrors,
          minmay_tetromino_i4
D:3:      layout_basic, st_stairs_10, roderic_roman_lattice,
          kennysheep_generic_room_10, uniq_jessica
D:4:      layout_loops_ring, vehumet_statue, chei_slow_surprise,
          minmay_liquid_box, uniq_natasha
D:5:      layout_cave_pods, nzn_wu_jian_contemplation, kennysheep_mini,
          nicolae_yredelemnul_corpse_copse, marbit_many_paths,
          minmay_misc_feat_room, kennysheep_generic_room_5
D:6:      cheibrodos_two_vegetables, layout_loops_corners, uniq_edmund
D:7:      wad_guarded_room, layout_loops_cross, tso_altar, elyvilon_altar_1,
          minmay_temple_entry_offerings, nicolae_twisty_statue_hallways
D:8:      layout_basic, nicolae_qazlal_style_of_elements,
          due_lair_maze_entry_diamond, gammafunk_ghost_stat_death,
          serial_bayou_pond_b, minivault_26, minivault_12, uniq_amaemon
D:9:      layout_roguey, xom_butterflies
Temple:   minmay_temple_bridge_abc
Lair:1:   layout_hall_layers, portal_ice_cave_rime, grunt_megastairs_1,
          serial_bayou_shore_b

Skill      XL: |  1  2  3  4  5  6  7  8  9 10 11 |
---------------+----------------------------------+-----
Ranged Weapons | 5 6 7 9 10 12 14 | 14.0
Dodging        | 4 7 10 | 10.4
Invocations    | 2 4 5 |  5.8
Fighting       | 4 7 9 |  9.5
Stealth        | |  1.0

Action                     |  1- 3 |  4- 6 |  7- 9 | 10-12 || total
---------------------------+-------+-------+-------+-------++-------
  Melee: Orcbow            |       |       |       |     3 ||     3
   Fire: Shortbow          |   125 |   144 |   278 |       ||   547
         Orcbow            |       |       |    33 |   480 ||   513
  Throw: Throwing net      |       |       |     2 |       ||     2
 Invoke: Heal Self         |       |       |       |     1 ||     1
    Use: Scroll            |     2 |     4 |     7 |     3 ||    16
         Potion            |       |       |     2 |     3 ||     5
 Armour: Leather armour    |    22 |    43 |    57 |   115 ||   237
  Dodge: Dodged            |    21 |    41 |    99 |   285 ||   446

Table legend: (Time is in decaauts)
 A = Elapsed time spent in this place.
 B = Non-inter-level travel time spent in this place.
 C = Inter-level travel time spent in this place.
 D = Time resting spent in this place.
 E = Time spent auto-exploring this place.
 F = Levels seen in this place.
 G = Mean time per level.
                   A        B        C        D        E       F      G
               +--------+--------+--------+--------+--------+-----+--------+
         Total |  11277 |  10831 |    446 |   2272 |   6870 |  11 | 1025.2 |
       Dungeon |  10372 |   9938 |    434 |   1897 |   6563 |   9 | 1152.4 |
        Temple |      1 |      0 |      1 |      0 |      0 |   1 |    1.0 |
          Lair |    902 |    891 |     11 |    375 |    307 |   1 |  902.0 |
               +--------+--------+--------+--------+--------+-----+--------+

Top non-repeatable levels by time:
     D:8: 1830 daAuts
     D:6: 1807 daAuts
     D:1: 1201 daAuts
     D:5: 1162 daAuts
     D:7: 1144 daAuts
     D:4: 1113 daAuts
  Lair:1: 902 daAuts
     D:3: 836 daAuts
     D:2: 658 daAuts
     D:9: 618 daAuts
  Temple: 1 daAuts
